AoeStats
← Malcolm Little

Arena

509496662Analyzed
4v4 RM · 4d ago on Sep 27, 2026· 56m 5s· 8 players
Game mode
Random Map
Map size
Large (8 player)
Population
200
Speed
Normal
Resources
Standard
Victory
Conquest
Starting age
Dark Age
Ending age
Imperial Age
RankedLock teamsTeams togetherTeam positionsShared explorationLock speedFull tech treeHidden civsTurbo modeCheats
Victory
Defeat
🇨🇱 Hindustanis · Chile
1509
+13
🇧🇷 Dravidians · Brazil
1493
+13
🇩🇴 Teutons · Dominican Republic
1441
+15
🇦🇷 Vikings · Argentina
1428
+16
🇨🇿 Bohemians · Czechia
1473
-15
🇮🇳 Mongols · India
1459
-16
🇬🇧 Britons · United Kingdom
1406
-13
🇩🇪 Saxons · Germany
1390
-13
Malcolm Little
10:59 Feudal Age
14:41 Castle Age
13:34 Double-Bit Axe
13:29 Horse Collar
16:03 Bow Saw
18:35 Heavy Plow
22:08 Wheelbarrow
22:28 Gold Mining
24:34 Fletching
24:45 Padded Archer Armor
28:25 Imperial Age
26:12 Hand Cart
25:44 Loom
26:15 Redemption
26:27 Sanctity
27:12 Bodkin Arrow
27:31 Masonry
27:32 Fortified Wall
27:38 Masonry
26:55 Elite Skirmisher
29:23 Block Printing
29:30 Leather Archer Armor
30:26 Two-Man Saw
29:56 Crop Rotation
29:46 Fervor
30:06 Illumination
31:10 Ring Archer Armor
31:42 Chemistry
31:12 Ballistics
32:43 Forging
32:42 Siege Engineers
33:47 Capped Ram
36:51 Iron Casting
36:16 Scale Mail Armor
38:51 Chain Mail Armor
38:38 Squires
38:23 Arson
41:13 Pikeman
42:40 Halberdier
43:06 Gambesons
43:52 Plate Mail Armor
46:41 Blast Furnace
47:32 Atonement
47:47 Caravan
49:22 Coinage
49:03 Guilds
49:43 Onager
yinyangwar
10:30 Feudal Age
14:02 Castle Age
12:18 Double-Bit Axe
13:04 Horse Collar
18:04 Bow Saw
20:45 Heavy Plow
22:17 Wheelbarrow
23:28 Hand Cart
24:08 Town Watch
27:37 Imperial Age
25:31 Loom
25:58 Husbandry
26:08 Bloodlines
26:05 Scale Barding Armor
26:11 Forging
27:13 Chain Barding Armor
26:46 Gold Mining
28:39 Iron Casting
27:48 Heavy Camel Rider
29:07 Gold Shaft Mining
30:16 Plate Barding Armor
31:30 Blast Furnace
30:34 Stone Mining
31:07 Conscription
31:26 Imperial Camel Rider
33:59 Chemistry
34:21 Siege Elephant
36:29 Shatagni
36:12 Elite Skirmisher
36:58 Thumb Ring
36:54 Padded Archer Armor
36:45 Fletching
38:12 Leather Archer Armor
38:58 Two-Man Saw
40:39 Bodkin Arrow
41:14 Ring Archer Armor
44:25 Bracer
48:54 Caravan
PedrodeMatos
4:34 Loom
9:15 Feudal Age
13:11 Castle Age
11:20 Double-Bit Axe
14:12 Bow Saw
14:35 Loom
16:25 Fletching
18:51 Bodkin Arrow
19:29 Elite Skirmisher
22:28 Padded Archer Armor
28:19 Wheelbarrow
35:18 Ballistics
39:11 Imperial Age
39:35 Thumb Ring
40:16 Bracer
42:02 Heated Shot
43:17 Chemistry
43:27 Caravan
44:32 Hand Cart
46:13 Elite Elephant Archer
48:15 Leather Archer Armor
51:31 Ring Archer Armor
51:42 Medical Corps
51:58 Conscription
55:37 Guilds
Erebor.
10:50 Feudal Age
14:39 Castle Age
13:18 Double-Bit Axe
13:14 Horse Collar
19:59 Bow Saw
23:32 Loom
23:45 Gold Mining
25:34 Scale Mail Armor
25:22 Loom
25:23 Town Watch
28:09 Imperial Age
26:39 Chain Mail Armor
26:23 Pikeman
27:04 Squires
26:52 Arson
27:18 Heavy Plow
27:10 Stone Mining
29:00 Forging
29:33 Plate Mail Armor
29:55 Conscription
29:20 Elite Varangian Guard
30:58 Iron Casting
32:41 Blast Furnace
35:28 Two-Man Saw
35:02 Crop Rotation
37:08 Bogsveigar
37:08 Chieftains
39:31 Caravan
41:04 Fletching
42:16 Chemistry
41:28 Masonry
41:52 Bodkin Arrow
41:55 Man-at-Arms
42:58 Long Swordsman
43:33 Two-Handed Swordsman
44:14 Bracer
44:21 Champion
46:12 Ballistics
46:24 Architecture
46:30 Hoardings
50:19 Fortified Wall
50:08 Murder Holes
Lishen
9:59 Feudal Age
13:50 Castle Age
17:33 Fletching
20:29 Loom
26:18 Padded Archer Armor
32:29 Bodkin Arrow
32:38 Double-Bit Axe
34:58 Wheelbarrow
34:37 Bow Saw
35:38 Gold Mining
36:15 Man-at-Arms
37:21 Gambesons
38:03 Long Swordsman
39:21 Squires
40:23 Fervor
42:25 Sanctity
41:38 Crossbowman
43:40 Scale Mail Armor
45:39 Gold Shaft Mining
45:29 Elite Skirmisher
47:50 Leather Archer Armor
51:02 Horse Collar
51:45 Ballistics
51:18 Stone Mining
59:13 Imperial Age
Bananaman651
7:06 Loom
9:11 Feudal Age
13:18 Castle Age
11:51 Double-Bit Axe
14:55 Bow Saw
22:50 Imperial Age
24:55 Chemistry
24:42 Wheelbarrow
25:26 Two-Man Saw
25:20 Pikeman
27:17 Scale Mail Armor
28:01 Forging
28:25 Halberdier
29:49 Chain Mail Armor
30:59 Squires
33:09 Iron Casting
32:26 Horse Collar
33:17 Hand Cart
36:11 Blast Furnace
36:49 Conscription
38:04 Elite Hussite Wagon
42:56 Plate Mail Armor
43:26 Wagenburg Tactics
43:43 Ballistics
43:44 Bombard Tower
45:29 Fletching
48:32 Arson
50:38 Padded Archer Armor
50:32 Elite Skirmisher
51:25 Bodkin Arrow
51:49 Crossbowman
52:35 Bracer
DaKrankVieh
9:57 Feudal Age
13:36 Castle Age
12:03 Double-Bit Axe
12:49 Horse Collar
21:24 Wheelbarrow
20:35 Loom
21:34 Bow Saw
22:59 Stone Mining
23:15 Gold Mining
24:45 Hand Cart
25:58 Gambesons
26:16 Scale Mail Armor
29:12 Imperial Age
27:39 Chain Mail Armor
27:46 Forging
28:11 Squires
29:16 Elite Varangian Guard
30:29 Plate Mail Armor
30:23 Conscription
29:56 Shield Wall
32:08 Iron Casting
32:35 Man-at-Arms
33:59 Long Swordsman
34:49 Two-Handed Swordsman
35:59 Champion
39:34 Arson
39:48 Capped Ram
40:34 Pikeman
41:39 Halberdier
46:01 Two-Man Saw
46:05 Fletching
46:37 Ballistics
48:44 Bodkin Arrow
53:10 Murder Holes
53:18 Bracer
54:52 Guard Tower
54:48 Arrowslits
Broken Angel
10:21 Feudal Age
11:36 Double-Bit Axe
12:03 Horse Collar
12:14 Gold Mining
14:30 Castle Age
15:41 Bow Saw
20:40 Wheelbarrow
21:20 Heavy Plow
23:09 Hand Cart
23:54 Gold Mining
28:48 Imperial Age
26:05 Loom
27:26 Ballistics
27:07 Fletching
27:41 Padded Archer Armor
28:49 Gold Shaft Mining
28:07 Stone Mining
29:35 Stone Shaft Mining
29:21 Bloodlines
29:12 Husbandry
29:31 Bodkin Arrow
30:37 Chemistry
29:42 Elite Mangudai
30:42 Bracer
31:49 Conscription
31:51 Leather Archer Armor
31:51 Masonry
31:55 Thumb Ring
32:32 Murder Holes
33:46 Parthian Tactics
32:43 Light Cavalry
33:31 Town Watch
33:29 Hussar
34:36 Scale Barding Armor
34:41 Forging
35:50 Chain Barding Armor
36:50 Iron Casting
40:33 Blast Furnace
43:58 Hoardings
47:22 Herbal Medicine
Connection lost

Rejoining the realm…

Still unreachable

The connection could not be restored.

Session expired

The server has moved on; the page needs a fresh start.